 Dungeon Crawl Stone Soup version 0.32-a0-931-g5a2cda0630 (webtiles) character file.

Game seed: 4866947610988122556

3223 Alarak the Shooter (level 9, -7/74 HPs)
             Began as a Coglin Hunter on Apr 14, 2024.
             Was a Believer of Ashenzari.
             Killed from afar by an electric eel (14 damage)
             ... with a bolt of electricity
             ... on level 8 of the Dungeon.
             The game lasted 00:18:19 (7100 turns).

Alarak the Shooter (Coglin Hunter)                  Turns: 7100, Time: 00:18:20

Health: -7/74      AC:  6    Str: 12    XL:     9   Next: 98%
Magic:  9/9        EV: 15    Int:  8    God:    Ashenzari [**....]
Gold:   380        SH:  0    Dex: 22    Spells: 8/8 levels left

rFire   . . .        a - +2 sling (flame) {Paullus}
rCold   . . .        d - +0 sling "At What Cost Knowledge?" {Gottfried, Fort, Self} (curse)
rNeg    . . .        q - +1 robe {Will+}
rPois   .            y - +0 helmet
rElec   .            (no cloak)
rCorr   .            c - +0 pair of gloves of Ashenzari's Secrets {Cun, Elem} (curse)
SInv    +            (no boots)
Will    +....        (amulet unavailable)
Stlth   ++           (ring unavailable)
HPRegen 0.32/turn    (ring unavailable)
MPRegen 0.11/turn    (no gizmo)

%: no passive effects
@: revving
A: off-hand wielding, slow wielding, warmup strikes, no jewellery
a: Invent Gizmo, Renounce Religion, Curse Item, Shatter the Chains


You were on level 8 of the Dungeon.
You worshipped Ashenzari.
Ashenzari was pleased with you.
You visited 2 branches of the dungeon, and saw 9 of its levels.
You also visited: Ossuary.

You collected 380 gold pieces.

Inventory:

Hand Weapons
 a - a +2 sling of flaming (weapon) {Paullus}
 d - the cursed +0 sling "At What Cost Knowledge?" (offhand) {Gottfried, Fort, Self}

   It has a curse which improves the following skills: Fortitude: Armour and
   Shields.
   Introspection: Fighting and Spellcasting.
Missiles
 g - a throwing net
Armour
 c - the cursed +0 pair of gloves of Ashenzari's Secrets (worn) {Cun, Elem}
   (You found it on level 3 of the Dungeon)

   It has a curse which improves the following skills: Cunning: Dodging and
   Stealth.
   Elements:  Fire Magic, Ice Magic, Air Magic and Earth Magic.
 q - a +1 robe of willpower (worn)
 y - a +0 helmet (worn)
Wands
 f - a wand of warping (3)
 u - a wand of mindburst (15)
 x - a wand of flame (17)
Scrolls
 b - a scroll of butterflies
 h - a scroll of vulnerability
 j - a scroll of fear
 k - 3 scrolls of identify
 l - 5 scrolls of noise
 m - a scroll of revelation
 p - 4 scrolls of teleportation
 t - a scroll of torment
 v - a scroll of silence
Potions
 e - 2 potions of heal wounds
 i - 3 potions of brilliance
 n - 4 potions of might
 o - a potion of enlightenment
 r - 3 potions of attraction
 s - 2 potions of curing
 w - a potion of haste
 z - a potion of magic
 A - a potion of invisibility


   Skills:
 - Level 7.0(8.2) Fighting
 + Level 7.6 Ranged Weapons
 - Level 7.0(8.2) Armour
 - Level 5.1(6.2) Dodging
 - Level 0.7(1.3) Stealth


You had 8 spell levels left.
You didn't know any spells.
Your spell library contained the following spells:

 Spells                   Type           Power      Damage    Failure   Level
 Kiss of Death            Conj/Necr      0%         2d5       41%         1
 Slow                     Hex            0%         N/A       41%         1
 Ensorcelled Hibernation  Hex/Ice        0%         N/A       54%         2
 Mercury Vapours          Alch/Air       0%         N/A       54%         2
 Frozen Ramparts          Ice            0%         1d1       77%         3
 Ozocubu's Armour         Ice            0%         N/A       77%         3
 Passwall                 Erth           0%         N/A       77%         3
 Swiftness                Air            0%         N/A       77%         3
 Confusing Touch          Hex            0%         N/A       78%         3
 Maxwell's Portable Pile  Tloc           0%         2d(5-13)  78%         3
 Mephitic Cloud           Conj/Alch/Air  0%         N/A       78%         3
 Tukima's Dance           Hex            0%         N/A       78%         3
 Vampiric Draining        Necr           0%         2d6       78%         3
 Dimensional Bullseye     Hex/Tloc       0%         N/A       99%         4
 Dispel Undead            Necr           0%         3d6       99%         4
 Iskenderun's Mystic Bla Conj/Tloc 0%             2d3        (+2d1     99%         4
 Arcjolt                  Conj/Air       0%         1d10      100%        5
 Freezing Cloud           Conj/Ice/Air   0%         6-21      100%        5
 Metabolic Englaciation   Hex/Ice        0%         N/A       100%        5
 Maxwell's Capacitive Co  Air            0%         ∞         100%        8


Dungeon Overview and Level Annotations

Branches:
Dungeon (8/15)             Temple (1/1) D:4         Ossuary (visited)
   Lair: D:8-11

Altars:
Ashenzari
Dithmenos
Elyvilon
Fedhas
Gozag
Hepliaklqana
Kikubaaqudgha
Nemelex Xobeh
Qazlal
Sif Muna
Trog
Uskayaw
Vehumet
Wu Jian
Yredelemnul
Zin
The Shining One

Annotations:
D:2 1 runed translucent door, Crazy Yiuf
Temple 2 transporters


Innate Abilities, Weirdness & Mutations

You can wield a second weapon in your off-hand.
It takes a long time for you to wield or remove held weapons.
Your first few attacks do less damage.
You cannot equip rings or amulets.


Message History

The electric eel is severely wounded.
The electric eel shoots out a bolt of lightning at you!
The bolt of electricity misses you.
You shoot a sling bullet.
The sling bullet closely misses the electric eel.
The sling bullet hits the plant.
The sling bullet burns the plant.
The plant is lightly damaged.
You shoot a sling bullet.
The sling bullet closely misses the electric eel.
The sling bullet hits the plant.
The plant is lightly damaged.
The electric eel shoots out a bolt of lightning at you!
The bolt of electricity hits you! x2
The bolt of electricity hits the electric eel.
The electric eel completely resists.
You shoot a sling bullet.
The sling bullet hits the electric eel but does no damage.
The electric eel is severely wounded.
You shoot a sling bullet.
The sling bullet closely misses the electric eel.
The sling bullet hits the plant!
The sling bullet burns the plant.
The plant is lightly damaged.
The electric eel shoots out a bolt of lightning at you!
The bolt of electricity misses you. The bolt of electricity hits you!
The bolt of electricity misses the electric eel.
The electric eel shoots out a bolt of lightning at you!
The bolt of electricity misses the electric eel.
The bolt of electricity hits you!
A nearby plant withers and dies.
The electric eel shoots out a bolt of lightning at you!
The bolt of electricity hits you.
* * * LOW HITPOINT WARNING * * *
The electric eel shoots out a bolt of lightning at you!
The bolt of electricity hits you.
* * * LOW HITPOINT WARNING * * *
The bolt of electricity hits you!
* * * LOW HITPOINT WARNING * * *
The electric eel shoots out a bolt of lightning at you!
The bolt of electricity hits you!
You die...

#### ~♣~♣~
######♣S~P~~
....~~~P~PP
#..S~~~~~P
#.........
#.@PP~~~~~
##<#~~~~~~
#.##P~~~~
..$ #~♣♣~
..... ...
##...## ###
#...# .#...
#.#.#


You could see 2 electric eels.

Vanquished Creatures
  Prince Ribbit (D:5)
  A water moccasin (D:7)
  4 ice beasts
  A black bear (D:5)
  2 sky beasts
  3 ogres
  4 phantoms
  A gnoll sergeant (D:6)
  3 scorpions
  12 wights
  A burial acolyte (Ossuary)
  A bombardier beetle (D:4)
  A gnoll bouda (D:5)
  An orc priest (D:4)
  5 hounds
  A jelly (D:6)
  An iguana (D:6)
  2 orc wizards
  2 sleepcaps
  Natasha (thrice) (D:3)
  2 scorpion zombies (D:6)
  A howler monkey skeleton (D:6)
  11 gnolls
  5 adders
  A shadow imp (D:5)
  2 ufetubi (D:5)
  2 adder skeletons (Ossuary)
  4 ribbon worms
  A dart slug (D:3)
  11 orcs
  10 endoplasms
  18 goblins
  13 hobgoblins
  4 quokkas
  6 ball pythons
  3 ball python skeletons (Ossuary)
  6 bats
  2 frilled lizards
  9 kobolds
  2 kobold skeletons (Ossuary)
  An orc skeleton (Ossuary)
  15 rats
179 creatures vanquished.

Vanquished Creatures (others)
  A human (D:4)
1 creature vanquished.

Grand Total: 180 creatures vanquished

Notes
Turn   | Place    | Note
-------+----------+-------------------------------------------
     0 | D:1      | Alarak the Coglin Hunter began the quest for the Orb.
     0 | D:1      | Reached XP level 1. HP: 16/16 MP: 1/1
    48 | D:1      | Reached XP level 2. HP: 22/22 MP: 2/2
   432 | D:1      | Reached XP level 3. HP: 27/27 MP: 3/3
   913 | D:2      | Found a sparkling altar of Nemelex Xobeh.
  1113 | D:2      | Reached skill level 5 in Ranged Weapons
  1273 | D:2      | Reached XP level 4. HP: 33/33 MP: 4/4
  1392 | D:2      | Found a runed translucent door.
  1393 | D:2      | Noticed Crazy Yiuf
  1691 | D:3      | Found a radiant altar of Vehumet.
  1820 | D:3      | Noticed Natasha
  1823 | D:3      | Killed Natasha
  2333 | D:3      | Reached XP level 5. HP: 31/38 MP: 5/5
  2691 | D:3      | Noticed Natasha
  2696 | D:3      | Killed Natasha
  2730 | D:3      | Noticed Natasha
  2734 | D:3      | Killed Natasha
  2836 | D:4      | Noticed a phantom
  2965 | D:4      | Killed a phantom
  2966 | D:4      | Reached XP level 6. HP: 28/44 MP: 6/6
  3110 | D:4      | Found an ancient bone altar of Kikubaaqudgha.
  3114 | D:4      | Noticed a human
  3116 | D:4      | Killed a human
  3277 | D:4      | Reached XP level 7. HP: 48/52 MP: 7/7
  3326 | D:4      | Found a staircase to the Ecumenical Temple.
  3340 | Temple   | Found a transporter.
  3340 | Temple   | Found a transporter.
  3340 | Temple   | Found a transporter.
  3340 | Temple   | Found a transporter.
  3340 | Temple   | Entered the Ecumenical Temple
  3360 | Temple   | Became a worshipper of Ashenzari the Shackled
  3546 | D:5      | Entered Level 5 of the Dungeon
  3546 | D:5      | Noticed Prince Ribbit
  3555 | D:5      | Killed Prince Ribbit
  3556 | D:5      | Reached skill level 5 in Fighting
  4004 | D:5      | Reached XP level 8. HP: 65/65 MP: 8/8
  4619 | D:6      | Found a sand-covered staircase.
  4635 | Ossuary  | Entered an ossuary
  5071 | D:6      | Reached skill level 5 in Dodging
  5134 | D:6      | Reached XP level 9. HP: 72/72 MP: 9/9
  5573 | D:6      | Reached * piety under Ashenzari
  5573 | D:6      | Reached ** piety under Ashenzari
  5723 | D:6      | Reached skill level 5 in Armour
  7100 | D:8      | Killed from afar by an electric eel

Illustrated notes

Levels and vault maps discovered:
D:1:      ncdulo_smallfort, layout_loops_ring, minmay_rat_gold_closets
D:2:      layout_loops_corners, basic_altar, minmay_small_reverse_x,
          uniq_crazy_yiuf_cottage
D:3:      corexii_shack_village, layout_basic, vehumet_crystals, uniq_natasha
D:4:      layout_cave_pools, tgw_kikubaaqudgha, minmay_temple_entry_stoned_glass
D:5:      layout_basic, grunt_decor_arrowhead, uniq_prince_ribbit1
D:6:      layout_cave_pods, mainiacjoe_ossuary_entry_find_the_door
D:7:      layout_loops_corners
D:8:      layout_loops_ring, gammafunk_ghost_nasty_kobolds,
          serial_bayou_lagoon_b
Temple:   hellmonk_temple_divided_pantheon

Skill      XL: |  1  2  3  4  5  6  7  8  9 |
---------------+----------------------------+-----
Ranged Weapons | 4 5 6 7 |  7.6
Fighting       | 3 6 7 |  7.0
Dodging        | 5 |  5.1
Armour         | 2 7 |  7.0
Stealth        | |  0.7

Action                     |  1- 3 |  4- 6 |  7- 9 || total
---------------------------+-------+-------+-------++-------
  Melee: Sling             |       |     2 |       ||     2
   Fire: Sling             |   192 |   274 |   608 ||  1074
 Invoke: Curse Item        |       |       |     2 ||     2
    Use: Scroll            |     4 |     4 |     5 ||    13
         Potion            |       |     3 |     3 ||     6
 Armour: Leather armour    |     6 |     1 |       ||     7
         Robe              |       |    28 |    53 ||    81
  Dodge: Dodged            |    10 |    30 |    71 ||   111

Table legend: (Time is in decaauts)
 A = Elapsed time spent in this place.
 B = Non-inter-level travel time spent in this place.
 C = Inter-level travel time spent in this place.
 D = Time resting spent in this place.
 E = Time spent auto-exploring this place.
 F = Levels seen in this place.
 G = Mean time per level.
                   A        B        C        D        E       F      G
               +--------+--------+--------+--------+--------+-----+--------+
         Total |   7164 |   6813 |    351 |    636 |   5214 |  10 |  716.4 |
       Dungeon |   6714 |   6393 |    321 |    494 |   5041 |   8 |  839.2 |
        Temple |     34 |      4 |     30 |      0 |      0 |   1 |   34.0 |
       Ossuary |    415 |    415 |      0 |    142 |    173 |   1 |  415.0 |
               +--------+--------+--------+--------+--------+-----+--------+

Top non-repeatable levels by time:
     D:3: 1322 daAuts
     D:5: 1059 daAuts
     D:7: 1057 daAuts
     D:6: 1028 daAuts
     D:2: 966 daAuts
     D:1: 695 daAuts
     D:4: 577 daAuts
 Ossuary: 415 daAuts
  Temple: 34 daAuts
     D:8: 6 daAuts
